 Dungeon Crawl Stone Soup version 0.18-a0-1805-g8ab820f (webtiles) character file.

173 ololoev the Chopper (level 5, -2/47 HPs)
             Began as a Hill Orc Fighter on Apr 25, 2016.
             Slain by Grinder (6 damage)
             ... while paralysed by Grinder
             ... on level 3 of the Dungeon.
             The game lasted 00:04:37 (2632 turns).

ololoev the Chopper (Hill Orc Fighter)              Turns: 2632, Time: 00:04:38

Health: -2/47      AC:  8    Str: 20    XL:     5   Next: 53%
Magic:  5/5        EV:  2    Int:  8    God:
Gold:   117        SH:  0    Dex:  4    Spells: 0 memorised, 4 levels left

rFire  . . .     SeeInvis .     a - +0 war axe
rCold  . . .     Gourm    .     b - +0 scale mail
rNeg   . . .     Faith    .     (no shield)
rPois  .         Spirit   .     d - +0 helmet
rElec  .         Dismiss  .     (no cloak)
rCorr  .         Reflect  .     (no gloves)
SustAt +         Harm     .     (no boots)
MR     .....                    (no amulet)
Stlth  ..........               k - -6 ring of dexterity (curse)
                                h - ring of sustain attributes

@: paralysed, not resistant to hostile enchantments, extremely unstealthy
A: no striking features
a: no special abilities

Inventory:

Hand Weapons
 a - a +0 war axe (weapon)
Armour
 b - a +0 scale mail (worn)
 d - a +0 helmet (worn)
Jewellery
 h - a ring of sustain attributes (left hand)
 k - a cursed -6 ring of dexterity (right hand)
 o - an uncursed amulet of harm {unknown}
Wands
 i - a wand of paralysis (9/24)
Scrolls
 e - a scroll of magic mapping {unknown}
 g - a scroll of blinking {unknown}
 m - a scroll of teleportation {unknown}
 q - a scroll of remove curse {unknown}
 r - a scroll of identify {unknown}
Potions
 j - a potion of invisibility {unknown}
 l - 2 potions of curing
Comestibles
 f - 2 bread rations
 n - a slice of pizza


   Skills:
 + Level 4.7 Fighting
 * Level 5.5 Axes
 + Level 4.3 Armour
   Level 3.2 Shields


You had 4 spell levels left.
You didn't know any spells.


You were on level 3 of the Dungeon.
You were not hungry.

You visited 1 branch of the dungeon, and saw 3 of its levels.

You collected 117 gold pieces.

#.##.#######.####### #.##.#
#)# ......# #.##.# #.#
......# #.##.# #.# ......#
####.##.# #.# ..5...#
......#.# #.# ......#
#######.# #.# ......#
#######.#######.##......# .#
. ......#.........@5....... .
. #####.#.#######.##......#
#.. #.#.#######.# ......# .#
#.#.##....#.# ####### .
#.#.##....#.# # #.#.##....#.#
############### #.#.##....#.#
#..............
#.#.##(...#.#.#.##......#####
#.#.##....#.#.#.##......#

Notes
Turn   | Place    | Note
--------------------------------------------------------------
     0 | D:1      | ololoev the Hill Orc Fighter began the quest for the Orb.
     0 | D:1      | Reached XP level 1. HP: 19/19 MP: 1/1
   220 | D:1      | Reached skill level 3 in Axes
   220 | D:1      | Reached XP level 2. HP: 27/27 MP: 2/2
   368 | D:1      | Reached XP level 3. HP: 24/33 MP: 3/3
   432 | D:1      | Reached skill level 4 in Axes
  1081 | D:2      | Reached XP level 4. HP: 40/40 MP: 4/4
  1257 | D:2      | Noticed Robin
  1271 | D:2      | Killed Robin
  2099 | D:2      | Reached skill level 5 in Axes
  2170 | D:3      | Reached XP level 5. HP: 47/47 MP: 5/5
  2181 | D:3      | Noticed Jessica
  2188 | D:3      | Killed Jessica
  2606 | D:3      | Noticed Grinder
  2627 | D:3      | Paralysed by Grinder for 6 turns
  2632 | D:3      | Slain by Grinder

Dungeon Overview and Level Annotations

Branches:
Dungeon (3/15)

Altars:

Annotations:
D:3 Grinder


Message History

The hobgoblin hits you with a club.
Found 18 sling bullets.
There is an open door here.
You barely miss the hobgoblin.
The hobgoblin hits you but does no damage.
You barely miss the hobgoblin.
The hobgoblin hits you but does no damage.
You slash the hobgoblin!
You kill the hobgoblin!
No target in view!
No target in view!
No target in view!
No target in view!
No target in view!
No target in view!
No target in view!
No target in view!
No target in view!
No target in view!
No target in view!
No target in view!
All of the chunks of flesh in your inventory have rotted away.
You open the door.
Grinder comes into view.
Grinder shouts!
Grinder is nearby!
Grinder is nearby!
Grinder is nearby!
Drink which item? (? for menu, Esc to quit)
Okay, then.
Grinder closely misses you.
There is an open door here.
You closely miss Grinder. Grinder hits you!
You writhe in agony.
You closely miss Grinder. Grinder hits you.
You writhe in agony.
You closely miss Grinder. Grinder barely misses you.
Grinder hits you but does no damage.
You barely miss Grinder. Grinder hits you.
You writhe in agony.
You closely miss Grinder. Grinder hits you but does no damage.
You slash Grinder!
Grinder is moderately wounded.
Grinder hits you.
You writhe in agony.
You barely miss Grinder.
Grinder is lightly wounded.
Grinder barely misses you.
You barely miss Grinder.
Grinder is lightly wounded.
Grinder gestures at you. You resist with significant effort.
Grinder barely misses you.
You slash Grinder!
Grinder is moderately wounded.
Grinder misses you.
You slash Grinder!
Grinder is severely wounded.
Grinder hits you.
You writhe in agony.
You hit Grinder.
Grinder is severely wounded.
Grinder barely misses you.
You closely miss Grinder.
Grinder is severely wounded.
Grinder blinks!
You close the door.
Drink which item? (? for menu, Esc to quit)
It was a potion of heal wounds.
You feel much better.
Grinder opens the door.
Grinder hits you but does no damage.
You hit Grinder.
Grinder is severely wounded.
Grinder hits you but does no damage.
You hit Grinder.
Grinder is almost dead.
Grinder gestures at you.
You suddenly lose the ability to move!
Grinder gestures at you. You resist with significant effort.
Grinder gestures at you. Pain shoots through your body! Grinder hits you.
You writhe in agony.
Grinder hits you.
You writhe in agony.
Grinder hits you.
You die...

You could see Grinder.

Vanquished Creatures
  Jessica (D:3)
  Robin (D:2)
  4 adders
  An ooze (D:1)
  3 worms
  2 dart slugs (D:1)
  3 giant geckos
  An orc (D:3)
  9 bats
  3 giant cockroaches
  16 goblins
  13 hobgoblins
  2 jackals (D:1)
  9 kobolds
  3 giant newts
  8 rats
79 creatures vanquished.

Action                   |  1- 3 |  4- 6 || total
-------------------------+-------+-------++-------
Melee: War axe           |   121 |   147 ||   268
  Use: Potion            |       |     3 ||     3
  Eat: Chunk             |     1 |     5 ||     6
Armor: Scale mail        |    67 |    85 ||   152
Dodge: Dodged            |    66 |    96 ||   162

Vault maps used:
D:1:      tarquinn_simple_flora_water_c
D:2:      uniq_robin
D:3:      first_bread, corexii_leaking_fountain, uniq_grinder, uniq_jessica
